AoeStats
← Cbobs

Pilgrims

510029470Analyzed
3v3 RM · 4d ago on Sep 29, 2026· 19m 2s· 6 players
Game mode
Random Map
Map size
Normal (6 player)
Population
200
Speed
Normal
Resources
Standard
Victory
Conquest
Starting age
Dark Age
Ending age
Imperial Age
RankedLock teamsTeams togetherTeam positionsShared explorationLock speedFull tech treeHidden civsTurbo modeCheats
Victory
Defeat
🇨🇳 Spanish · China
1175
+13
🇦🇷 Mongols · Argentina
1136
+15
🇳🇿 Wei · New Zealand
1127
+16
🇺🇸 Saxons · United States
1163
-16
🇺🇸 Varangians · United States
1114
-15
🇺🇸 Japanese · United States
1066
-13
GonzaloMig
5:33 Loom
12:05 Feudal Age
12:37 Double-Bit Axe
14:29 Horse Collar
14:59 Fishing Lines
18:29 Castle Age
16:58 Stone Mining
16:59 Gold Mining
2263430749
4:16 Loom
11:58 Feudal Age
16:09 Castle Age
16:54 Fletching
Stefan 80808
5:49 Loom
5:55 Loom
10:13 Feudal Age
14:23 Castle Age
14:02 Stone Mining
18:09 Double-Bit Axe
Trobo510
8:40 Loom
11:33 Feudal Age
11:51 Man-at-Arms
19:46 Castle Age
Cbobs
15:00 Feudal Age
17:16 Loom
21:20 Castle Age
Trad Dad
5:42 Loom
13:30 Feudal Age
19:03 Castle Age
17:26 Gold Mining
17:27 Stone Mining
17:35 Fishing Lines
18:28 Fletching
18:39 Padded Archer Armor
Connection lost

Rejoining the realm…

Still unreachable

The connection could not be restored.

Session expired

The server has moved on; the page needs a fresh start.